 Seeded DCSS version 0.31-a0-496-g6f97920a28 (webtiles) character file.

Game seed: 7415222406553760909 (custom seed)

4 innerfire43 the Changeling (level 1, 0/15 HPs)
             Began as a Demonspawn Shapeshifter on Aug 8, 2023.
             Slain by a jackal (1 damage)
             ... on level 1 of the Dungeon.
             The game lasted 00:00:14 (53 turns).

innerfire43 the Changeling (Demonspawn Shapeshifter)  Turns: 53, Time: 00:00:15

Health: 0/15       AC:  2    Str: 15    XL:     1   Next: 58%
Magic:  1/1        EV: 12    Int:  9    God:
Gold:   17         SH:  0    Dex: 13    Spells: 0/0 levels left

rFire   . .          .
                       - Unarmed
rCold   . . .        (no shield)
rNeg    . . .        a - +0 animal skin
rPois   .            (helmet currently unavailable)
rElec   .            (cloak currently unavailable)
rCorr   .            (gloves currently unavailable)
SInv    .            (boots currently unavailable)
Will    .....        (no amulet)
Stlth   +            (no ring)
HPRegen 0.22/turn    (no ring)
MPRegen 0.07/turn

%: no passive effects
@: beast-form
A: beast (slay +1)
a: Begin Untransformation


You were on level 1 of the Dungeon.
You were a hulking beast.
You visited 1 branch of the dungeon, and saw 1 of its levels.

You collected 17 gold pieces.

Inventory:

Armour
 a - a +0 animal skin (worn)
Jewellery
 e - a ring of wizardry
Talismans
 c - a beast talisman (active)
 d - a flux talisman
Potions
 b - a potion of lignification
 f - a potion of curing {unknown}


   Skills:
 - Level 1.0 Fighting
 - Level 1.7 Dodging
 - Level 2.6 Unarmed Combat
 + Level 2.9 Shapeshifting


You couldn't memorise any spells.
You didn't know any spells.
Your spell library was empty.

Dungeon Overview and Level Annotations

Branches:
Dungeon (1/15)

Altars:


Message History

You barely miss the quokka.
The quokka bites you but does no damage.
A hobgoblin comes into view.
There are monsters nearby!
You closely miss the jackal.
The jackal barks!
The jackal barely misses you. The quokka bites you.
The jackal barely misses you. The jackal misses you. The jackal bites you.
The quokka barely misses you.
You barely miss the bat.
The hobgoblin shouts!
The bat hits you but does no damage. The jackal closely misses you.
The jackal barely misses you.
A rat comes into view.
The quokka barely misses you. The bat closely misses you. The jackal bites you.
The rat twitches its whiskers.
The bat barely misses you. The jackal bites you.
* * * LOW HITPOINT WARNING * * *
The jackal bites you but does no damage.
You see here 15 gold pieces.
The bat hits you.
* * * LOW HITPOINT WARNING * * *
The bat hits you.
* * * LOW HITPOINT WARNING * * *
The bat barely misses you.
You closely miss the bat. You punch the bat.
You kill the bat!
You barely miss the jackal. You hit the jackal.
The jackal is almost dead.
The jackal bites you.
* * * LOW HITPOINT WARNING * * *
You hit the jackal.
You kill the jackal!
Okay, then.
You hit the jackal.
The jackal is almost dead.
The jackal bites you.
You die...

#~~. .... # ~~## ...#
.###.#### ....
#####.##..
..#.####.#<#.##.
......#..###.###
##.##..#.....##.#. ###
#..# ###.#....#.#. ....
#h# ##.....#..... .....
#h####...#........
)....##hr..........#....
..r....rg......#####....
#....#...........# #....
..............)...###.##
.........####..#..##...
......>.## #..######.#
.....>..# #..# ..


You could see a quokka, 2 jackals, a hobgoblin and a rat.

Vanquished Creatures
  2 bats (D:1)
  A goblin (D:1)
  A jackal (D:1)
4 creatures vanquished.

Notes
Turn   | Place    | Note
-------+----------+-------------------------------------------
     0 | D:1      | innerfire43 the Demonspawn Shapeshifter began the quest for
                  | the Orb.
     0 | D:1      | Reached XP level 1. HP: 15/15 MP: 1/1
    53 | D:1      | Slain by a jackal

Illustrated notes

Levels and vault maps discovered:
D:1:      spicycebolla_green_bress_n_ham_2, layout_rooms, serial_shops, shop,
          minmay_misc_feat_hallway

Action                     || total
---------------------------++-------
  Melee: Unarmed           ||    14
         Punch             ||     1
 Armour: Animal skin       ||     5
  Dodge: Dodged            ||    16

Table legend: (Time is in decaauts)
 A = Elapsed time spent in this place.
 B = Non-inter-level travel time spent in this place.
 C = Inter-level travel time spent in this place.
 D = Time resting spent in this place.
 E = Time spent auto-exploring this place.
 F = Levels seen in this place.
 G = Mean time per level.
                   A        B        C        D        E       F      G
               +--------+--------+--------+--------+--------+-----+--------+
         Total |     52 |     52 |      0 |      0 |     21 |   1 |   52.0 |
       Dungeon |     52 |     52 |      0 |      0 |     21 |   1 |   52.0 |
               +--------+--------+--------+--------+--------+-----+--------+

Top non-repeatable levels by time:
     D:1: 52 daAuts
